 Dungeon Crawl Stone Soup version 0.28-a0-1236-gb25a51b929 (webtiles) character file.

Game seed: 15485408812735732712

9 croobank the Sneak (level 2, -1/14 HPs)
             Began as a Felid Delver on Dec 25, 2021.
             Was an Initiate of Makhleb.
             Succumbed to an adder's poison
             ... on level 4 of the Dungeon.
             The game lasted 00:04:04 (357 turns).

croobank the Sneak (Felid Delver)                    Turns: 357, Time: 00:04:04

Health: -1/14      AC:  1    Str:  8    XL:     2   Next: 3%
Magic:  3/3        EV: 18    Int: 11    God:    Makhleb [......]
Gold:   34         SH:  0    Dex: 17    Spells: 1/1 levels left
                                        Lives:  0   Deaths: 0

rFire   . . .      SeeInvis +     - Unarmed
rCold   . . .      Faith    .   (shield unavailable)
rNeg    . . .      Spirit   .   (armour unavailable)
rPois   .          Reflect  .   (helmet unavailable)
rElec   .          Harm     .   (cloak unavailable)
rCorr   .          Rampage  .   (gloves unavailable)
Will    .....                   (boots unavailable)
Stlth   ++++......              (no amulet)
HPRegen 0.04/turn               (no ring)
MPRegen 0.08/turn               (no ring)

@: lethally poisoned (-1 -> -9), quick
A: very small, claws 1, fangs 3, see invisible, speed 1, shaggy fur 1, stealthy
paws, no weapons or thrown items, no armour, multi-lived
a: Renounce Religion


You were on level 4 of the Dungeon.
You worshipped Makhleb.
Makhleb was noncommittal.
You visited 1 branch of the dungeon, and saw 3 of its levels.

You collected 34 gold pieces.

Inventory:

Wands
 f - a wand of acid (9)
Scrolls
 a - a scroll of fog
 b - a scroll of teleportation {unknown}
 c - a scroll of torment {unknown}
 e - a scroll of summoning {unknown}
Potions
 d - a potion of haste


   Skills:
 + Level 3.1 Fighting
 + Level 3.0 Dodging
 + Level 6.7 Stealth
 + Level 2.2 Unarmed Combat


You had one spell level left.
You didn't know any spells.
Your spell library was empty.

Dungeon Overview and Level Annotations

Branches:
Dungeon (6/15)
 Temple: D:4-7

Altars:
Makhleb
Yredelemnul

Annotations:
D:5 1 runed translucent door, Dowan, Duvessa


Innate Abilities, Weirdness & Mutations

You have sharp claws.
You have razor-sharp teeth.
You have supernaturally acute eyesight. (SInv)
You cover ground quickly. (Speed+)
You are covered in fur. (AC +1)
Your paws help you pounce on unaware monsters.
You are incapable of wielding weapons or throwing items.
You cannot wear armour.
You gain extra lives every three experience levels.


Message History

There is an open door here.
An orc comes into view. It is wielding a +0 whip.
There is a stone staircase leading up here.
You climb upwards.
Found 23 gold pieces and a scroll labelled SOADOC QUHUE.
There is a stone staircase leading down here.
An ogre comes into view. It is wielding a +0 giant club.
You see here a scroll labelled SOADOC QUHUE.
e - a scroll labelled SOADOC QUHUE
Found a chain mail.
You now have 19 gold pieces (gained 8).
You now have 34 gold pieces (gained 15).
Found a stone staircase leading down.
An adder comes into view.
Found 13 gold pieces.
Found a club.
The adder hisses angrily.
You scratch the adder.
The adder is moderately wounded.
The adder barely misses you.
You closely miss the adder.
The adder is moderately wounded.
The adder bites you.
You are poisoned.
The adder poisons you! The adder completely misses you.
You closely miss the adder.
The adder is moderately wounded.
You feel sick. The adder misses you.
You scratch the adder. Your bite misses the adder.
The adder is heavily wounded.
You feel sick. The adder bites you.
You are lethally poisoned!
The adder poisons you!
You scratch the adder but do no damage.
The adder is heavily wounded.
You feel sick. The adder bites you.
* * * LOW HITPOINT WARNING * * *
You scratch the adder. Your bite misses the adder.
The adder is almost dead.
You die...

....... ......
)... ......#
#.... ...#
#...... ###....
..># #...O..
###.....# ...##
.......
...$..[.#.....#
.......
#...S#....#
.......##
#.@....#
#......##
###..###....
#..###....# .
#...#.....######
#...............
#..>.......##.##
##............#
#..........#...
#.........## #.


You could see an adder.

Vanquished Creatures
  An adder (D:5)
1 creature vanquished.

Notes
Turn   | Place    | Note
-------+----------+-------------------------------------------
     0 | D:5      | croobank the Felid Delver began the quest for the Orb.
     0 | D:5      | Reached XP level 1. HP: 10/10 MP: 2/2
    51 | D:5      | Noticed Duvessa
    53 | D:5      | Noticed Dowan
   166 | D:5      | Found a burning altar of Makhleb.
   166 | D:5      | Found a basalt altar of Yredelemnul.
   176 | D:5      | Reached XP level 2. HP: 14/14 MP: 3/3
   179 | D:5      | Became a worshipper of Makhleb the Destroyer
   256 | D:5      | Noticed a phantom
   297 | D:5      | Found a runed translucent door.
   330 | D:4      | Noticed an ogre
   357 | D:4      | Succumbed to an adder's poison

Illustrated notes

Levels and vault maps discovered:
D:4:      minmay_goblin_kobold_castle, layout_cave_pools,
          nicolae_uskayaw_suspiria, minmay_temple_entry_tees,
          minmay_ogre_servants
D:5:      minmay_inner_zag, layout_basic, gammafunk_temple_overflow_pools,
          uniq_crazy_yiuf_cottage, uniq_duvessa, uniq_blork_the_orc
D:6:      layout_basic, minmay_misc_feat_cross, chequers_mini_garden

Skill      XL: |  1 |
---------------+----+-----
Dodging        | 3 |  3.0
Fighting       | |  3.1
Stealth        | |  6.7
Unarmed Combat | |  2.2

Action                   || total
-------------------------++-------
Melee: Unarmed           ||    12
       Bite              ||     1
Evoke: Wand              ||     5
  Use: Scroll            ||     2
Dodge: Dodged            ||    11

Table legend: (Time is in decaauts)
 A = Elapsed time spent in this place.
 B = Non-inter-level travel time spent in this place.
 C = Inter-level travel time spent in this place.
 D = Time resting spent in this place.
 E = Time spent auto-exploring this place.
 F = Levels seen in this place.
 G = Mean time per level.
                   A        B        C        D        E       F      G
               +--------+--------+--------+--------+--------+-----+--------+
         Total |    292 |    292 |      0 |      0 |     62 |   3 |   97.3 |
       Dungeon |    292 |    292 |      0 |      0 |     62 |   3 |   97.3 |
               +--------+--------+--------+--------+--------+-----+--------+

Top non-repeatable levels by time:
     D:5: 236 daAuts
     D:6: 31 daAuts
     D:4: 23 daAuts
